PBL
AMARILLO THUNDERHEADS @ PORTLAND ANGELS
06/26/2049
 
TOP OF THE 1ST
Amarillo ThunderHeads batting - Pitching for Portland Angels : RHP Marcell Luciano
Pitching: RHP Marcell Luciano
Batting: LHB Carlos Guajardo 0-0: Foul Ball, location: 2F
0-1: Ball
1-1: Swinging Strike
1-2: Ball
2-2: Foul Ball, location: 2F
2-2: Fly out, F7 (Flyball, 7LD, EV 99.4 MPH)
Batting: LHB Mike Gruszewski 0-0: Called Strike
0-1: Ball
1-1: Ball
2-1: Ball
3-1: Base on Balls
Batting: RHB Bill Flannery 0-0: Ball
1-0: Swinging Strike
1-1: Called Strike
Mike Gruszewski steals 2nd base
1-2: DOUBLE (Line Drive, 9LM, EV 107.5 MPH)
Mike Gruszewski scores
Batting: LHB Tony Cisneros 0-0: Called Strike
0-1: Ball
1-1: Ground out 4-3 (Groundball, 4D, EV 103.8 MPH)
Bill Flannery to third
Batting: LHB Thie Hofmann 0-0: Fly out, F9 (Flyball, 9D, EV 84.4 MPH)
Top of the 1st over - 1 run, 1 hit, 0 errors, 1 left on base; Amarillo 1 - Portland 0
BOTTOM OF THE 1ST
Portland Angels batting - Pitching for Amarillo ThunderHeads : RHP Chris Marrone
Pitching: RHP Chris Marrone
Batting: RHB Jose Garduno 0-0: Ball
1-0: Ball
2-0: Fly out, F9 (Line Drive, 9, EV 101.2 MPH)
Batting: RHB Ken Beck 0-0: Ground out U3 (Groundball, 34, EV 98.8 MPH)
Batting: LHB Jon Rahn 0-0: Called Strike
0-1: SINGLE (Line Drive, 8LS, EV 108.1 MPH)
Batting: RHB Alex Rosaly 0-0: Called Strike
0-1: Ball
1-1: Ball
2-1: Foul Ball, location: 2F
2-2: Foul Ball, location: 2F
2-2: Ball
3-2: 2-RUN HOME RUN (Flyball, 7D, EV 95.6 MPH), Distance : 361 ft
Batting: RHB Jayden Hollaway 0-0: Called Strike
0-1: Called Strike
0-2: Ball
1-2: Strikes out swinging
Bottom of the 1st over - 2 runs, 2 hits, 0 errors, 0 left on base; Amarillo 1 - Portland 2
TOP OF THE 2ND
Amarillo ThunderHeads batting - Pitching for Portland Angels : RHP Marcell Luciano
Batting: RHB Jorge Balderama 0-0: Foul Ball, location: 2F
0-1: Swinging Strike
0-2: Ball
1-2: Strikes out looking
Batting: LHB Bill Mahoney 0-0: Ball
1-0: Ball
2-0: Called Strike
2-1: SINGLE (Line Drive, 9S, EV 107.5 MPH)
Batting: RHB Shi-fu Cuan 0-0: Called Strike
0-1: Ball
1-1: Ball
2-1: Ball
3-1: Base on Balls
Bill Mahoney to second
Batting: RHB Dennis Underwood 0-0: Called Strike
0-1: Ball
1-1: Called Strike
1-2: Ball
2-2: SINGLE (Groundball, 6MD, EV 96.9 MPH)
Bill Mahoney to third
Shi-fu Cuan to second
Batting: LHB Carlos Guajardo 0-0: Swinging Strike
0-1: Foul Ball, location: 2F
0-2: Ball
1-2: Ball
2-2: Foul Ball, location: 2F
2-2: Ball
3-2: GRAND SLAM HOME RUN (Flyball, 89XD, EV 95.6 MPH), Distance : 378 ft
Batting: LHB Mike Gruszewski 0-0: Foul Ball, location: 2F
0-1: Ball
1-1: Swinging Strike
1-2: Strikes out swinging
Batting: RHB Bill Flannery 0-0: Ball
1-0: Called Strike
1-1: Ball
2-1: Ball
3-1: Base on Balls
Batting: LHB Tony Cisneros 0-0: Swinging Strike
0-1: Ball
1-1: Ground out 1-3 (Groundball, 15S, EV 63.1 MPH)
Top of the 2nd over - 4 runs, 3 hits, 0 errors, 1 left on base; Amarillo 5 - Portland 2
BOTTOM OF THE 2ND
Portland Angels batting - Pitching for Amarillo ThunderHeads : RHP Chris Marrone
Batting: LHB John Harvey 0-0: Ball
1-0: Foul Ball, location: 2F
1-1: Swinging Strike
1-2: Foul Ball, location: 2F
1-2: Ball
2-2: Strikes out swinging
Batting: LHB Lourens Aukema 0-0: Foul Ball, location: 2F
0-1: Fly out, F9 (Line Drive, 89M, EV 96.2 MPH)
Batting: RHB Bob Dewar 0-0: Called Strike
0-1: Hit by Pitch
Batting: LHB Miguel Hernandez 0-0: Ball
1-0: Called Strike
1-1: Ground out 4-3 (Groundball, 34S, EV 78.8 MPH)
Bottom of the 2nd over - 0 runs, 0 hits, 0 errors, 1 left on base; Amarillo 5 - Portland 2
TOP OF THE 3RD
Amarillo ThunderHeads batting - Pitching for Portland Angels : RHP Marcell Luciano
Batting: LHB Thie Hofmann 0-0: Ball
1-0: SINGLE (Groundball, 4S, EV 73.1 MPH) (infield hit)
Batting: RHB Jorge Balderama 0-0: Swinging Strike
0-1: Ball
1-1: Foul Ball, location: 2F
1-2: Foul Ball, location: 2F
1-2: Foul Ball, location: 2F
1-2: Ball
2-2: Ball
3-2: Base on Balls
Thie Hofmann to second
Batting: LHB Bill Mahoney 0-0: Ball
1-0: Ball
2-0: Called Strike
2-1: Ball
3-1: Foul Ball, location: 2F
3-2: Foul Ball, location: 2F
3-2: Fly out, F8 (Flyball, 8LD, EV 88.1 MPH)
Batting: RHB Shi-fu Cuan 0-0: Ball
1-0: Fielders Choice at 2nd, 4-6 (Groundball, 34D, EV 78.1 MPH)
Thie Hofmann to third
Batting: RHB Dennis Underwood 0-0: Called Strike
0-1: Ball
1-1: Ground out 4-3 (Groundball, 4, EV 102.5 MPH)
Top of the 3rd over - 0 runs, 1 hit, 0 errors, 2 left on base; Amarillo 5 - Portland 2
BOTTOM OF THE 3RD
Portland Angels batting - Pitching for Amarillo ThunderHeads : RHP Chris Marrone
Batting: RHB Jose Garduno 0-0: Ball
1-0: SINGLE (Line Drive, 4D, EV 96.2 MPH)
Batting: RHB Ken Beck 0-0: Ball
Jose Garduno is caught stealing 2nd base 2-4
1-0: Called Strike
1-1: Swinging Strike
1-2: Foul Ball, location: 2F
1-2: Ball
2-2: Strikes out swinging
Batting: LHB Jon Rahn 0-0: Foul Ball, location: 2F
0-1: Foul Ball, location: 2F
0-2: Ball
1-2: Foul Ball, location: 2F
1-2: Ball
2-2: Strikes out swinging
Bottom of the 3rd over - 0 runs, 1 hit, 0 errors, 0 left on base; Amarillo 5 - Portland 2
TOP OF THE 4TH
Amarillo ThunderHeads batting - Pitching for Portland Angels : RHP Marcell Luciano
Batting: LHB Carlos Guajardo 0-0: Ball
1-0: Foul Ball, location: 2F
1-1: Ball
2-1: Foul Ball, location: 2F
2-2: Foul Ball, location: 2F
2-2: Ball
3-2: Foul Ball, location: 2F
3-2: Ground out U3 (Groundball, 3, EV 96.9 MPH)
Pitching: LHP Benjie Dalaque
Batting: LHB Mike Gruszewski 0-0: Foul Ball, location: 2F
0-1: SINGLE (Line Drive, 9S, EV 96.2 MPH)
Batting: RHB Bill Flannery 0-0: Ball
1-0: Ball
2-0: Ball
3-0: Base on Balls
Mike Gruszewski to second
Batting: LHB Tony Cisneros 0-0: Called Strike
0-1: Called Strike
0-2: Strikes out swinging
Batting: RHB Ray Travis 0-0: Foul Ball, location: 2F
0-1: Ball
1-1: Ball
2-1: Called Strike
2-2: Foul Ball, location: 2F
2-2: Strikes out swinging
Top of the 4th over - 0 runs, 1 hit, 0 errors, 2 left on base; Amarillo 5 - Portland 2
BOTTOM OF THE 4TH
Portland Angels batting - Pitching for Amarillo ThunderHeads : RHP Chris Marrone
Batting: RHB Alex Rosaly 0-0: Ball
1-0: SOLO HOME RUN (Flyball, 78XD, EV 95.6 MPH), Distance : 362 ft
Batting: RHB Jayden Hollaway 0-0: Called Strike
0-1: Foul Ball, location: 2F
0-2: Foul Ball, location: 2F
0-2: Ball
1-2: Ball
2-2: Strikes out swinging
Batting: LHB John Harvey 0-0: DOUBLE (Line Drive, 78M, EV 107.5 MPH)
Batting: LHB Lourens Aukema 0-0: Called Strike
0-1: Ball
1-1: Foul Ball, location: 2F
1-2: Ball
2-2: Strikes out swinging
Batting: RHB Bob Dewar 0-0: Called Strike
0-1: Called Strike
0-2: Strikes out swinging
Bottom of the 4th over - 1 run, 2 hits, 0 errors, 1 left on base; Amarillo 5 - Portland 3
TOP OF THE 5TH
Amarillo ThunderHeads batting - Pitching for Portland Angels : LHP Benjie Dalaque
Batting: RHB Jorge Balderama 0-0: Ball
1-0: Fly out, F9 (Flyball, 9LS, EV 90.0 MPH)
Batting: LHB Bill Mahoney 0-0: Fly out, F8 (Flyball, 8RM, EV 89.4 MPH)
Batting: RHB Shi-fu Cuan 0-0: Called Strike
0-1: Ball
1-1: Foul Ball, location: 2F
1-2: Strikes out swinging
Top of the 5th over - 0 runs, 0 hits, 0 errors, 0 left on base; Amarillo 5 - Portland 3
BOTTOM OF THE 5TH
Portland Angels batting - Pitching for Amarillo ThunderHeads : RHP Chris Marrone
Batting: LHB Miguel Hernandez 0-0: Called Strike
0-1: Ball
1-1: Fly out, F3 (Line Drive, 34, EV 62.5 MPH)
Batting: RHB Jose Garduno 0-0: Called Strike
0-1: Called Strike
0-2: Ball
1-2: Ball
2-2: Strikes out looking
Batting: RHB Ken Beck 0-0: Called Strike
0-1: Ball
1-1: Ball
2-1: Swinging Strike
2-2: Ball
3-2: SINGLE (Groundball, 34D, EV 102.5 MPH)
Batting: LHB Jon Rahn 0-0: Ball
1-0: Ball
Ken Beck steals 2nd base
2-0: Called Strike
2-1: Ball
3-1: Ground out 6-3 (Groundball, 6S, EV 80.6 MPH)
Bottom of the 5th over - 0 runs, 1 hit, 0 errors, 1 left on base; Amarillo 5 - Portland 3
TOP OF THE 6TH
Amarillo ThunderHeads batting - Pitching for Portland Angels : LHP Benjie Dalaque
Batting: RHB Dennis Underwood 0-0: Called Strike
0-1: Ball
1-1: Ball
2-1: Foul Ball, location: 2F
2-2: Ball
3-2: Strikes out swinging
Batting: LHB Carlos Guajardo 0-0: Ball
1-0: Foul Ball, location: 2F
1-1: Foul Ball, location: 2F
1-2: Foul Ball, location: 2F
1-2: Ground out 4-3 (Groundball, 34, EV 85.6 MPH)
Batting: LHB Mike Gruszewski 0-0: Ball
1-0: Foul Ball, location: 2F
1-1: Ball
2-1: Ball
3-1: Base on Balls
Batting: RHB Bill Flannery 0-0: Ball
1-0: Ground out 4-3 (Groundball, 4, EV 78.1 MPH)
Top of the 6th over - 0 runs, 0 hits, 0 errors, 1 left on base; Amarillo 5 - Portland 3
BOTTOM OF THE 6TH
Portland Angels batting - Pitching for Amarillo ThunderHeads : RHP Chris Marrone
Pitching: RHP Trent Murdock
Batting: RHB Alex Rosaly 0-0: Ball
1-0: Ball
2-0: SOLO HOME RUN (Flyball, 78XD, EV 106.9 MPH), Distance : 427 ft
Batting: RHB Jayden Hollaway 0-0: Fly out, F9 (Line Drive, 9, EV 97.5 MPH)
Batting: LHB John Harvey 0-0: Ball
1-0: Fly out, F7 (Flyball, 7, EV 76.9 MPH)
Batting: LHB Lourens Aukema 0-0: Ball
1-0: Ground out 4-3 (Groundball, 4, EV 83.1 MPH)
Bottom of the 6th over - 1 run, 1 hit, 0 errors, 0 left on base; Amarillo 5 - Portland 4
TOP OF THE 7TH
Amarillo ThunderHeads batting - Pitching for Portland Angels : LHP Benjie Dalaque
Batting: LHB Tony Cisneros 0-0: Ball
1-0: Ball
2-0: Ball
3-0: Called Strike
3-1: Foul Ball, location: 2F
3-2: Strikes out swinging, 2-3 out at first.
Batting: RHB Ray Travis 0-0: Ball
1-0: Foul Ball, location: 2F
1-1: Ball
2-1: Ground out 4-3 (Groundball, 4, EV 84.4 MPH)
Batting: RHB Jorge Balderama 0-0: Foul Ball, location: 2F
0-1: Foul Ball, location: 2F
0-2: Foul Ball, location: 2F
0-2: Ball
1-2: Fly out, F7 (Line Drive, 7, EV 92.5 MPH)
Top of the 7th over - 0 runs, 0 hits, 0 errors, 0 left on base; Amarillo 5 - Portland 4
BOTTOM OF THE 7TH
Portland Angels batting - Pitching for Amarillo ThunderHeads : RHP Trent Murdock
Batting: RHB Bob Dewar 0-0: Ball
1-0: Foul Ball, location: 2F
1-1: Foul Ball, location: 2F
1-2: Ground out 6-3 (Groundball, 6M, EV 89.4 MPH)
Pinch Hitting: RHB Dan Contreras 0-0: SINGLE (Groundball, 6D, EV 108.8 MPH)
Batting: RHB Jose Garduno 0-0: Ball
1-0: Ball
2-0: Foul Ball, location: 2F
2-1: Swinging Strike
2-2: Grounds into double play, 6-4-3 (Groundball, 6, EV 79.4 MPH)
Bottom of the 7th over - 0 runs, 1 hit, 0 errors, 0 left on base; Amarillo 5 - Portland 4
TOP OF THE 8TH
Amarillo ThunderHeads batting - Pitching for Portland Angels : LHP Benjie Dalaque
Now in RF: Dan Contreras
Pinch Hitting: SHB Jose Ramirez 0-0: Ball
1-0: Called Strike
1-1: Ball
2-1: Ball
3-1: Base on Balls
Batting: RHB Shi-fu Cuan 0-0: Sac Bunt to 5S - play at first, batter OUT! 5-3
Jose Ramirez to second
Batting: RHB Dennis Underwood 0-0: Called Strike
0-1: Called Strike
0-2: Foul Ball, location: 2F
0-2: Ball
1-2: Ball
2-2: Ball
3-2: Foul Ball, location: 2F
3-2: Fly out, F9 (Flyball, 89M, EV 87.5 MPH)
Runner from 2nd tags up, SAFE at 3rd with throw by RF
Pitching: RHP David Celestine
Batting: LHB Carlos Guajardo 0-0: Called Strike
0-1: Foul Ball, location: 2F
0-2: Ball
1-2: Ball
2-2: Foul Ball, location: 2F
2-2: Foul Ball, location: 2F
2-2: Ball
3-2: Foul Ball, location: 2F
3-2: Ground out 5-3 (Groundball, 56, EV 78.8 MPH)
Top of the 8th over - 0 runs, 0 hits, 0 errors, 1 left on base; Amarillo 5 - Portland 4
BOTTOM OF THE 8TH
Portland Angels batting - Pitching for Amarillo ThunderHeads : RHP Trent Murdock
Now at 1B: Eric Camillo
Now in CF: Jose Ramirez
Pinch Hitting: RHB Esteban Rangel 0-0: Fly out, F4 (Popup, 4M, EV 57.5 MPH)
Batting: LHB Jon Rahn 0-0: Called Strike
0-1: Ball
1-1: Swinging Strike
1-2: Ball
2-2: Ball
3-2: Foul Ball, location: 2F
3-2: Strikes out swinging
Batting: RHB Alex Rosaly 0-0: Called Strike
0-1: Called Strike
0-2: Ball
1-2: Ball
2-2: Strikes out swinging
Bottom of the 8th over - 0 runs, 0 hits, 0 errors, 0 left on base; Amarillo 5 - Portland 4
TOP OF THE 9TH
Amarillo ThunderHeads batting - Pitching for Portland Angels : RHP David Celestine
Now in CF: Dan Contreras
Now in RF: Dustin Watling
Batting: LHB Mike Gruszewski 0-0: Reached on error, E4 (Groundball, 4MS, EV 88.1 MPH)
Batting: RHB Bill Flannery 0-0: Called Strike
0-1: Called Strike
0-2: Ball
1-2: Foul Ball, location: 2F
1-2: Foul Ball, location: 2F
1-2: Ball
2-2: Strikes out swinging
Batting: LHB Tony Cisneros 0-0: Foul Ball, location: 2F
0-1: SINGLE (Groundball, 6D, EV 107.5 MPH)
Mike Gruszewski to second
Batting: RHB Ray Travis 0-0: Swinging Strike
0-1: Foul Ball, location: 2F
0-2: Ball
1-2: Ball
2-2: Ball
3-2: Grounds into double play, 4-6-3 (Groundball, 4S, EV 86.2 MPH)
Top of the 9th over - 0 runs, 1 hit, 1 error, 1 left on base; Amarillo 5 - Portland 4
BOTTOM OF THE 9TH
Portland Angels batting - Pitching for Amarillo ThunderHeads : RHP Trent Murdock
Pitching: RHP Adam Montag
Pinch Hitting: RHB Joe Keough 0-0: Ball
1-0: SINGLE (Groundball, 56D, EV 94.4 MPH)
Pinch Hitting: RHB Mario Martinez 0-0: Called Strike
0-1: Ball
1-1: DOUBLE (Flyball, 8RXD, EV 92.5 MPH)
Joe Keough to third
Batting: LHB Lourens Aukema 0-0: Intentional Walk
Pinch Hitting: LHB Lupe Garcia 0-0: Foul Ball, location: 2F
0-1: Ball
1-1: Grounds into fielders choice 6-2 (Groundball, 6, EV 92.5 MPH)
Mario Martinez to third
Lourens Aukema to second
Batting: RHB Dan Contreras 0-0: Called Strike
0-1: Ball
1-1: Swinging Strike
1-2: Strikes out looking
Batting: RHB Jose Garduno 0-0: Fielders Choice at 2nd, U4 (Groundball, 4M, EV 81.9 MPH)
Bottom of the 9th over - 0 runs, 2 hits, 0 errors, 3 left on base; Amarillo 5 - Portland 4
Sunday, July 16th , 2023 - OOTP Baseball 24.6 Build 69